Map: Jagannatha LE

Players

Strange

  • Race: Protoss Protoss
  • League: Master
  • Spawn Location: 7:00

Lambo - Winner!

  • Race: Zerg Zerg
  • League: Grandmaster
  • Spawn Location: 1:00

VOD

Have the link to the VOD?

Description

Time

  • Played on: March 4, 2021, 8:43 a.m.
  • Length: 12:39
Show
View Real Time Build Order
Export as new Build Order

Strange Protoss 

Build Orders: 1 Gate Expand, Oracle Opening, Zealot Archon 

Get SALT Encoding   

  12  0:00  Probe  
  13  0:12  Probe  
  14  0:20  Pylon  
  14  0:24  Probe  
  15  0:38  Probe (Chrono Boost)  
  15  0:39  Gateway  
  15  0:41  Gateway  
  16  0:47  Probe (Chrono Boost)  
  17  0:50  Assimilator  
  17  0:53  Probe  
  18  1:05  Probe  
  19  1:17  Probe  
  20  1:26  Nexus  
  20  1:36  Cybernetics Core  
  20  1:39  Probe  
  21  1:45  Assimilator  
  21  1:51  Probe  
  22  1:54  Pylon  
  22  2:03  Probe  
  23  2:09  Adept (Chrono Boost)  
  25  2:15  Probe  
  25  2:21  Stargate  
  26  2:28  Probe (Chrono Boost)  
  26  2:29  Adept (Chrono Boost)  
  27  2:35  Warp Gate  
  29  2:37  Probe (Chrono Boost)  
  31  2:45  Probe (Chrono Boost)  
  31  2:47  Probe (Chrono Boost)  
  32  2:52  Probe x2 (Chrono Boost)  
  32  2:53  Pylon  
  34  3:00  Void Ray (Chrono Boost)  
  34  3:10  Probe  
  34  3:11  Probe  
  38  3:18  Gateway  
  38  3:22  Adept, Probe  
  38  3:23  Probe  
  42  3:34  Probe  
  42  3:35  Probe  
  42  3:36  Oracle  
  47  3:46  Probe  
  47  3:47  Pylon, Probe  
  49  3:59  Nexus  
  49  4:01  Pylon  
  49  4:06  Void Ray (Chrono Boost), Probe x2  
  51  4:10  Assimilator  
  51  4:13  Assimilator  
  55  4:18  Probe  
  55  4:19  Probe  
  55  4:21  Shield Battery  
  57  4:30  Probe  
  57  4:31  Pylon, Stargate  
  58  4:33  Probe  
  59  4:43  Probe  
  59  4:45  Probe  
  61  4:52  Pylon  
  61  4:53  Void Ray (Chrono Boost)  
  61  4:55  Probe  
  61  4:57  Probe  
  63  5:05  Pylon  
  67  5:10  Probe (Chrono Boost)  
  67  5:11  Probe (Chrono Boost)  
  70  5:14  Probe (Chrono Boost)  
  70  5:18  Void Ray (Chrono Boost)  
  70  5:21  Probe (Chrono Boost)  
  76  5:22  Void Ray (Chrono Boost), Probe (Chrono Boost)  
  76  5:23  Forge  
  76  5:24  Twilight Council, Probe (Chrono Boost)  
  76  5:26  Pylon, Probe (Chrono Boost)  
  78  5:31  Probe  
  78  5:34  Probe  
  84  5:38  Probe  
  85  5:43  Probe  
  85  5:46  Probe  
  85  5:48  Void Ray  
  85  5:49  Gateway  
  87  5:50  Gateway  
  87  5:54  Protoss Ground Weapons Level 1 (Chrono Boost)  
  87  5:55  Probe x2  
  93  6:00  Probe  
  93  6:02  Charge (Chrono Boost)  
  94  6:14  Zealot x2, Shield Battery  
  94  6:18  Assimilator  
  98  6:21  Pylon, Assimilator  
  98  6:24  Templar Archives, Gateway  
  98  6:31  Gateway  
  98  6:33  Pylon  
  98  6:35  Gateway  
  98  6:37  Probe, Gateway  
  98  6:38  Probe x2  
  98  6:39  Psionic Storm  
  99  6:49  Probe  
  99  6:50  Probe x2  
  102  6:58  Gateway x2  
  102  7:00  Pylon, Shield Battery  
  102  7:06  High Templar x2  
  106  7:14  High Templar  
  108  7:19  High Templar  
  110  7:27  Robotics Facility  
  110  7:29  Pylon  
  110  7:31  Pylon  
  110  7:33  Nexus  
  110  7:34  Pylon  
  110  7:41  Probe x3  
  113  7:44  High Templar x2  
  113  7:45  Zealot x3  
  113  7:46  Zealot  
  125  7:52  Pylon, Archon  
  125  7:53  Pylon, Probe, Gateway  
  125  7:54  Pylon  
  125  7:56  Gateway  
  125  7:57  Photon Cannon  
  126  7:59  Photon Cannon, Protoss Ground Weapons Level 2 (Chrono Boost)  
  126  8:01  Shield Battery  
  126  8:08  Probe x3  
  126  8:11  High Templar  
  131  8:13  Photon Cannon  
  131  8:15  Pylon  
  131  8:17  Observer  
  132  8:20  Probe x2  
  132  8:22  Probe  
  132  8:25  High Templar  
  132  8:26  High Templar  
  139  8:32  Archon, Probe x2  
  139  8:35  Warp Prism (Chrono Boost)  
  139  8:36  Photon Cannon  
  133  8:42  Pylon, Photon Cannon  
  133  8:52  High Templar x2  
  133  8:54  Probe x2  
  139  8:55  Assimilator  
  139  8:56  Assimilator  
  139  9:01  Zealot x7  
  139  9:02  Zealot  
  155  9:14  Photon Cannon  
  155  9:17  Photon Cannon x2  
  141  9:39  Zealot x4  
  141  9:43  Zealot x3  
  141  9:44  Zealot x5  
  150  10:06  Nexus  
  150  10:12  Pylon, High Templar x7  
  150  10:13  High Templar  
  164  10:18  Archon x3  
  106  10:57  Zealot x9  
  106  11:01  Zealot x3  
  116  11:07  Void Ray (Chrono Boost)  
  106  11:12  Void Ray (Chrono Boost)  
  110  11:22  Nexus  
  110  11:25  Pylon  
  110  11:27  High Templar x4  
  110  11:28  High Templar x2, Immortal  
  122  11:33  Archon  
  126  11:42  Zealot x6  
  138  11:51  Photon Cannon  
  137  12:10  Nexus  
  137  12:11  High Templar x4  
  137  12:20  Photon Cannon  
  137  12:21  Photon Cannon  
  137  12:22  Photon Cannon x2  
  133  12:27  Pylon x2  
  133  12:30  Zealot x8  
Show
View Real Time Build Order
Export as new Build Order

Lambo Zerg - Winner!

Build Orders: Hatch First 

Get SALT Encoding   

  12  0:00  Drone  
  13  0:13  Overlord  
  13  0:17  Drone  
  14  0:31  Drone x2  
  16  0:48  Hatchery  
  15  0:52  Drone  
  15  0:55  Drone  
  17  0:58  Drone  
  18  1:09  Extractor  
  17  1:14  Spawning Pool  
  17  1:17  Drone  
  17  1:20  Drone  
  18  1:29  Drone  
  19  1:39  Drone  
  20  1:50  Drone  
  21  2:01  Zergling x2, Queen x2  
  25  2:02  Overlord  
  26  2:11  Drone  
  26  2:12  Drone  
  26  2:13  Metabolic Boost  
  28  2:22  Drone  
  29  2:23  Drone  
  30  2:36  Drone  
  30  2:37  Drone  
  32  2:40  Hatchery  
  32  2:43  Zergling x2  
  32  2:44  Overlord  
  32  2:52  Queen  
  32  2:58  Drone x2  
  35  3:07  Drone x2  
  35  3:09  Drone  
  35  3:11  Queen  
  40  3:15  Overlord  
  40  3:17  Drone  
  40  3:18  Drone  
  42  3:20  Drone  
  42  3:26  Overlord  
  43  3:35  Queen  
  43  3:36  Overlord  
  43  3:37  Drone  
  46  3:46  Drone x3  
  49  3:49  Drone  
  49  3:52  Drone  
  49  3:53  Queen  
  53  3:57  Drone  
  53  3:58  Drone x2  
  53  4:00  Drone  
  53  4:01  Spore Crawler  
  56  4:03  Drone x2  
  56  4:07  Drone  
  59  4:10  Drone  
  59  4:13  Drone x2  
  59  4:14  Overlord  
  59  4:15  Drone  
  59  4:16  Drone  
  64  4:21  Extractor  
  64  4:22  Lair  
  64  4:23  Drone  
  64  4:26  Drone x2  
  64  4:31  Overlord, Baneling Nest  
  65  4:39  Zergling x2  
  65  4:40  Zergling x4  
  65  4:41  Overlord  
  65  4:42  Drone  
  65  4:44  Drone x5  
  74  4:47  Extractor  
  74  4:48  Zergling x2  
  74  4:53  Drone x3  
  74  4:58  Extractor, Evolution Chamber  
  75  5:01  Drone x3  
  78  5:07  Drone x2  
  78  5:13  Overlord, Drone x2  
  83  5:14  Drone x3  
  83  5:15  Drone  
  83  5:16  Drone x3  
  83  5:20  Overlord x2  
  89  5:28  Overlord  
  89  5:30  Hatchery, Queen  
  89  5:33  Extractor  
  89  5:34  Extractor  
  88  5:36  Zergling x6  
  88  5:42  Zerg Melee Weapons Level 1  
  90  5:43  Hydralisk Den  
  90  5:45  Zergling x6  
  90  5:46  Overlord, Zergling x2  
  90  5:47  Queen  
  95  5:51  Queen  
  97  5:57  Overlord  
  97  5:59  Overlord  
  97  6:06  Overlord  
  96  6:11  Drone x4  
  96  6:12  Overlord, Drone  
  96  6:18  Hydralisk x6  
  101  6:21  Muscular Augments  
  101  6:25  Hydralisk x2  
  115  6:26  Drone x2  
  118  6:33  Hydralisk x3  
  118  6:39  Infestation Pit  
  122  6:41  Drone x4  
  122  6:45  Drone x2  
  122  6:46  Evolution Chamber, Drone x2  
  129  6:49  Drone x2  
  129  6:50  Drone x2  
  129  6:53  Centrifical Hooks  
  133  6:56  Drone x3  
  133  6:59  Drone  
  133  7:00  Drone  
  138  7:03  Extractor  
  138  7:04  Hydralisk  
  138  7:06  Extractor  
  138  7:08  Overlord  
  138  7:09  Hydralisk x3  
  138  7:12  Drone  
  144  7:22  Hydralisk x3  
  144  7:28  Hatchery  
  147  7:31  Overlord, Zerg Missile Weapons Level 1  
  147  7:32  Hive  
  147  7:33  Hydralisk x2, Drone  
  152  7:42  Drone x2  
  152  7:43  Drone  
  155  7:45  Spine Crawler  
  155  7:46  Overlord x2  
  155  7:47  Pneumatized Carapace  
  155  7:48  Spore Crawler  
  155  7:51  Zergling x14  
  160  7:56  Zerg Melee Weapons Level 2  
  160  7:58  Zergling x2  
  160  7:59  Zergling x6  
  160  8:02  Drone x3  
  167  8:06  Zergling x2, Drone  
  167  8:07  Spire  
  167  8:12  Zergling x12  
  173  8:20  Zergling x18  
  173  8:24  Zergling x2  
  183  8:30  Zergling x2  
  183  8:31  Zergling x4  
  183  8:36  Drone x7  
  183  8:40  Baneling x9  
  188  8:41  Zergling x10  
  188  8:45  Zergling x4  
  195  8:53  Adrenal Glands  
  195  8:54  Ultralisk Cavern  
  194  8:56  Zergling x10  
  199  9:05  Baneling x8  
  199  9:08  Zergling x4  
  199  9:12  Overlord  
  199  9:16  Drone x2  
  200  9:17  Extractor, Spire  
  200  9:18  Spine Crawler  
  200  9:19  Extractor, Spine Crawler  
  195  9:25  Zerg Ground Armor Level 1  
  195  9:30  Zergling x6  
  193  9:34  Zergling x26  
  193  9:37  Zergling x4  
  193  9:38  Zergling x12  
  198  9:43  Hydralisk x5  
  198  9:45  Hydralisk  
  198  9:47  Chitinous Plating  
  198  9:48  Zerg Flyer Armor Level 1  
  198  9:51  Hydralisk x3  
  184  9:55  Hydralisk x2  
  184  9:58  Hydralisk  
  184  9:59  Hydralisk x2  
  186  10:00  Baneling  
  186  10:01  Baneling x20  
  186  10:04  Baneling x8  
  186  10:05  Baneling x2  
  186  10:06  Hydralisk x2, Zergling x2  
  186  10:07  Zergling x2  
  191  10:17  Zergling x16  
  191  10:19  Baneling x5  
  199  10:22  Baneling x6  
  199  10:27  Hatchery  
  198  10:32  Zergling x10  
  196  10:36  Greater Spire  
  191  10:44  Zergling x2  
  191  10:45  Zergling x8  
  191  10:47  Zergling x28  
  183  10:53  Hydralisk  
  183  10:56  Zergling x8  
  181  10:59  Zergling x12  
  181  11:01  Hydralisk  
  183  11:07  Hydralisk x3  
  167  11:17  Corruptor  
  167  11:18  Corruptor x6  
  179  11:31  Anabolic Synthesis  
  179  11:34  Ultralisk  
  185  11:42  Drone  
  185  11:43  Drone x4  
  188  11:57  Spine Crawler  
  188  12:00  Spine Crawler  
  185  12:01  Spine Crawler  
  185  12:02  Brood Lord x7  
  198  12:13  Extractor  
  198  12:14  Extractor  
  194  12:17  Zergling x10  
  194  12:20  Baneling x7  
  198  12:22  Hatchery  
Tags
 
Add a new tag
Caveats
  • Supply blocks, unpowered buildings, or Contaminate may cause inaccurate times.
  • Supply counts are checked every 10 seconds.